 Dungeon Crawl Stone Soup version 0.31.0-11-ge490571c62 (webtiles) character file.

Game seed: 7019896170005249248

301 qw the Shooter (level 6, -6/30 HPs)
             Began as a Spriggan Hunter on Feb 3, 2024.
             Mangled by Pikel
             ... wielding a +0 whip of flaming
              (8 damage)
             ... on level 4 of the Dungeon.
             The game lasted 00:00:11 (2543 turns).

qw the Shooter (Spriggan Hunter)                    Turns: 2543, Time: 00:00:12

Health: -6/30      AC:  2    Str:  7    XL:     6   Next: 14%
Magic:  7/7        EV: 21    Int: 10    God:
Gold:   138        SH:  0    Dex: 21    Spells: 5/5 levels left

rFire   + . .        a - +0 shortbow
rCold   . . .        (shield currently unavailable)
rNeg    . . .        c - +0 robe
rPois   .            (helmet restricted)
rElec   +            b - scarf of the Fiend {shadows, rElec rF+}
rCorr   .            (gloves unavailable)
SInv    +            (boots unavailable)
Will    +....        (no amulet)
Stlth   ++           (no ring)
HPRegen 0.25/turn    (no ring)
MPRegen 0.10/turn

%: no passive effects
@: very quick
A: very small, no large weapons, unfitting armour, see invisible, speed 3
a: no special abilities


You were on level 4 of the Dungeon.
You visited 1 branch of the dungeon, and saw 4 of its levels.

You collected 210 gold pieces.
You spent 72 gold pieces at shops.


Innate Abilities, Weirdness & Mutations

You are very small and have problems with some larger weapons.
You are too small for most types of armour.
You have supernaturally acute eyesight. (SInv)
You cover ground extremely quickly. (Speed+++)


   Skills:
 - Level 2.1 Fighting
 - Level 6.0 Ranged Weapons
 + Level 5.7 Dodging
 - Level 1.5 Stealth


You had 5 spell levels left.
You didn't know any spells.
Your spell library was empty.

Inventory:

Hand Weapons
 a - a +0 shortbow (weapon)
Armour
 b - the scarf of the Fiend (worn) {shadows, rElec rF+}
   (You acquired it on level 3 of the Dungeon)

   rF+:       It protects you from fire.
   rElec:     It insulates you from electricity.
 c - a +0 robe (worn)
Potions
 e - 2 potions of enlightenment
 f - 2 potions of curing

Dungeon Overview and Level Annotations

Branches:
Dungeon (4/15)
 Temple: D:4-7

Altars:
Hepliaklqana
Wu Jian
Yredelemnul

Shops:
D:3 *[

Annotations:
D:4 Pikel


Message History

The lemure is heavily wounded.
Pikel hits you with a +0 whip of flaming.
You shoot an arrow.
The arrow hits Pikel but does no damage.
Pikel is moderately wounded.
Pikel hits you with a +0 whip of flaming!
2535 ||| DRINKING potion of heal wounds.
You feel much better. Pikel closely misses you.
You shoot an arrow. The arrow hits Pikel.
Pikel is heavily wounded.
Pikel hits you with a +0 whip of flaming!
Pikel burns you.
You shoot an arrow. The arrow barely misses Pikel.
The arrow hits the lemure.
The lemure is severely wounded.
Pikel completely misses you.
You shoot an arrow.
The arrow hits Pikel but does no damage.
Pikel is heavily wounded.
Pikel hits you with a +0 whip of flaming!
Pikel burns you.
You shoot an arrow.
The arrow hits Pikel but does no damage.
Pikel is heavily wounded.
Pikel completely misses you.
You shoot an arrow.
The arrow hits Pikel but does no damage.
Pikel is heavily wounded.
Pikel completely misses you.
You shoot an arrow. The arrow hits Pikel.
Pikel is heavily wounded.
Pikel closely misses you.
You shoot an arrow. The arrow closely misses Pikel.
The arrow closely misses the lemure.
Pikel completely misses you. Pikel misses you.
You shoot an arrow. The arrow hits Pikel.
Pikel is heavily wounded.
Pikel hits you with a +0 whip of flaming!
You die...
Pikel says, "Another soul for the market."

#............#
#.####.......#####......5.
##.# ###......#.........5.
#..# #...##.#.#.#####.#.
#.## ######.#.#......5#.
#.# #.#.#.#...#.#. #.#
##.#)#.#._.#.#. #.######
#..!.#.#?..#.#. ........
##.#@#.......#. .....###
###K#w#####.#. ...#.#
#..55......... ......#
#.#.5......... ........
.....########## ......##
....... %..#.## #.######
...#.# #. ...#


You could see Pikel, 3 lemures and a dart slug.

Vanquished Creatures
  A lemure (D:4)
  2 bombardier beetles (D:3)
  A hound (D:4)
  7 adders
  7 gnolls
  A dart slug (D:1)
  5 ribbon worms
  4 orcs (D:4)
  7 ball pythons
  2 endoplasms (D:2)
  4 giant cockroaches
  5 goblins
  5 hobgoblins
  2 quokkas
  3 bats (D:1)
  4 frilled lizards
  4 kobolds
  4 rats
68 creatures vanquished.

Notes
Turn   | Place    | Note
-------+----------+-------------------------------------------
     0 | D:1      | qw the Spriggan Hunter began the quest for the Orb.
     0 | D:1      | Reached XP level 1. HP: 10/10 MP: 2/2
     0 | D:1      | 0 ||| qw: Version: 0.3-a-158-g18b3111
     0 | D:1      | 0 ||| qw: Game counter: 4084
     0 | D:1      | 0 ||| qw: Melee chars always use a shield: true
     0 | D:1      | 0 ||| qw: God list: Okawaru
     0 | D:1      | 0 ||| qw: Allow faded altars: false
     0 | D:1      | 0 ||| qw: Do Orc after clearing Dungeon:15 true
     0 | D:1      | 0 ||| qw: Do second Lair branch before Depths: true
     0 | D:1      | 0 ||| qw: Lair rune preference: random
     0 | D:1      | 0 ||| qw: Goals: Normal
     0 | D:1      | 0 ||| PLANNING D:1-11
    14 | D:1      | Reached skill level 3 in Dodging
    49 | D:1      | Reached XP level 2. HP: 13/14 MP: 3/3
   370 | D:1      | 370 ||| DRINKING 4 amethyst potions.
   371 | D:1      | 371 ||| DROPPING scroll of butterflies.
   372 | D:1      | 372 ||| DROPPING 3 potions of degeneration.
   469 | D:2      | Reached XP level 3. HP: 18/18 MP: 4/4
   901 | D:2      | Reached skill level 5 in Ranged Weapons
   916 | D:2      | Reached XP level 4. HP: 21/22 MP: 5/5
  1287 | D:2      | 1287 ||| READING 2 scrolls labelled AMEULI DORU.
  1288 | D:2      | 1288 ||| READING scroll labelled YNUPEW FAL UKE.
  1289 | D:2      | 1289 ||| READING scroll labelled ACZUMU HYAL.
  1290 | D:2      | 1290 ||| READING scroll labelled VUVAYPHILL.
  1290 | D:2      | 1290 ||| IDENTIFYING sapphire potion
  1291 | D:2      | 1291 ||| DRINKING 2 dark potions.
  1292 | D:2      | 1292 ||| DROPPING scroll of fear.
  1335 | D:3      | Found Gahobroc's Assorted Antiques.
  1338 | D:3      | 1338 ||| STAIRDANCE
  1385 | D:3      | 1385 ||| STAIRDANCE
  1450 | D:3      | 1450 ||| BUYING clear potion (22 gold).
  1450 | D:3      | Bought a clear potion for 22 gold pieces
  1450 | D:3      | 1450 ||| SHOPLISTING crooked lead wand (100 gold, have 77).
  1450 | D:3      | 1450 ||| BUYING scroll labelled EROXYB VUSHRI (25 gold).
  1450 | D:3      | Bought a scroll labelled EROXYB VUSHRI for 25 gold pieces
  1450 | D:3      | 1450 ||| BUYING scroll labelled KIL FYMMOBRO (25 gold).
  1450 | D:3      | Bought a scroll labelled KIL FYMMOBRO for 25 gold pieces
  1450 | D:3      | 1450 ||| SHOPLISTING scroll of identify (50 gold, have 27).
  1468 | D:3      | Found a basalt altar of Yredelemnul.
  1547 | D:3      | Found Farriy's Armour Shoppe.
  1641 | D:3      | Found an ornate altar of the Wu Jian Council.
  1705 | D:3      | Reached XP level 5. HP: 18/26 MP: 6/6
  2122 | D:3      | 2122 ||| READING scroll labelled EROXYB VUSHRI.
  2123 | D:3      | 2123 ||| READING scroll labelled KIL FYMMOBRO.
  2127 | D:3      | 2127 ||| READING scroll labelled YPAVOME ZANGE.
  2128 | D:3      | 2128 ||| READING scroll labelled ACSYKA ECHYFEC.
  2229 | D:3      | 2229 ||| READING scroll labelled NOTSUF NUJEAGE.
  2229 | D:3      | Identified a scroll of acquirement
  2229 | D:3      | 2229 ||| ACQUIRING scarf of the Fiend {shadows, rElec rF+}
  2229 | D:3      | Acquired the scarf of the Fiend {shadows, rElec rF+}
  2231 | D:3      | 2231 ||| UPGRADING to scarf of the Fiend {shadows, rElec
                  | rF+}.
  2236 | D:3      | 2236 ||| DRINKING 2 clear potions.
  2237 | D:3      | 2237 ||| DRINKING 2 smoky golden potions.
  2238 | D:3      | 2238 ||| DROPPING potion of brilliance.
  2251 | D:4      | 2251 ||| PLANNING OSSUARY
  2256 | D:4      | 2256 ||| STAIRDANCE
  2259 | D:3      | Reached skill level 6 in Ranged Weapons
  2365 | D:4      | Reached XP level 6. HP: 15/30 MP: 7/7
  2478 | D:4      | Found a hazy altar of Hepliaklqana.
  2486 | D:4      | 2486 ||| READING scroll of identify.
  2486 | D:4      | 2486 ||| IDENTIFYING black potion
  2487 | D:4      | 2487 ||| READING scroll labelled BANIDA MAHELU.
  2488 | D:4      | 2488 ||| DROPPING potion of attraction.
  2499 | D:4      | 2499 ||| RETREEEEATING.
  2502 | D:4      | 2502 ||| RETREEEEATING.
  2506 | D:4      | Noticed Pikel
  2507 | D:4      | 2507 ||| RETREEEEATING.
  2511 | D:4      | 2511 ||| RETREEEEATING.
  2513 | D:4      | 2513 ||| RETREEEEATING.
  2515 | D:4      | 2515 ||| RETREEEEATING.
  2517 | D:4      | 2517 ||| RETREEEEATING.
  2519 | D:4      | 2519 ||| RETREEEEATING.
  2523 | D:4      | 2523 ||| RETREEEEATING.
  2534 | D:4      | HP: 7/30 [Pikel/+0 whip of flaming (8)]
  2535 | D:4      | 2535 ||| DRINKING potion of heal wounds.
  2538 | D:4      | HP: 2/30 [Pikel/+0 whip of flaming (9)]
  2543 | D:4      | Mangled by Pikel

Levels and vault maps discovered:
D:1:      minmay_arrival_solitary_statue, layout_rooms
D:2:      layout_basic
D:3:      layout_loops_cross, old_standard_altar, lemuel_crystal_altar,
          serial_shops, shop, nicolae_shop_hallway_stairs, minivault_4
D:4:      layout_loops_ring, mainiacjoe_overflow_cross_hatched, enter_ossuary_2,
          kennysheep_big_empty_room, minmay_increasing_density, uniq_duvessa,
          uniq_grinder, uniq_pikel

Skill      XL: |  1  2  3  4  5 |
---------------+----------------+-----
Dodging        | 3 4 5 |  5.7
Ranged Weapons | 5 6 |  6.0
Fighting       | 2 |  2.1
Stealth        | |  1.5

Action                     |  1- 3 |  4- 6 || total
---------------------------+-------+-------++-------
   Fire: Shortbow          |    96 |   168 ||   264
    Use: Potion            |     1 |     4 ||     5
         Scroll            |       |    11 ||    11
 Armour: Robe              |     8 |    24 ||    32
  Dodge: Dodged            |    23 |    92 ||   115

Table legend:
 A = Non-vault XP
 B = Vault XP
 C = Vault XP percentage of total XP
 D = Non-vault monster count
 E = Vault monster count
 F = Vault count percentage of total count
                 A         B        C        D         E       F
            +---------+---------+-------+---------+---------+-------
      Total |     364 |      67 |  15.5 |      58 |       9 |  13.4
            +---------+---------+-------+---------+---------+-------
        D:1 |      30 |       0 |   0.0 |      18 |       0 |   0.0
        D:2 |      92 |       0 |   0.0 |      17 |       0 |   0.0
        D:3 |     177 |      48 |  21.3 |      17 |       1 |   5.6
        D:4 |      65 |      19 |  22.6 |       6 |       8 |  57.1
            +---------+---------+-------+---------+---------+-------
